Description

TvP GHOST

Build Order

Get SALT Encoding   

  12  0:01  SCV  
  13  0:13  SCV  
  14  0:20  Supply Depot  
  14  0:25  SCV  
  15  0:42  SCV, Barracks  
  16  0:49  Refinery  
  16  0:54  SCV  
  17  1:06  SCV  
  17  1:08  Refinery  
  19  1:18  SCV  
  19  1:30  Orbital Command  
  19  1:32  Reaper  
  20  1:36  Supply Depot  
  20  1:43  Ghost Academy  
  20  1:56  SCV  
  21  2:07  Barracks Tech Lab  
  21  2:09  SCV  
  21  2:15  Personal Cloaking  
  22  2:16  Supply Depot  
  22  2:26  SCV  
  23  2:33  Ghost  
  25  2:38  SCV  
  26  2:50  SCV  
  27  3:01  Ghost  
  27  3:02  SCV  
  30  3:14  SCV  
  30  3:16  Factory  
  31  3:30  Command Center  
  30  3:35  Ghost  
  31  3:55  SCV  
  32  3:57  Supply Depot  
  32  4:04  Ghost, Factory Tech Lab  
  32  4:07  SCV  
  35  4:19  SCV  
  40  4:31  SCV  
Spawning Tool Build Advisor. Get it on Overwolf

Analysis

TvP GHOST

Go to:

Details

  • Created by: DarkHeartz
  • Published on: Nov 21, 2016
  • Modified on: Nov 21, 2016
  • Patch: Pre-3.8.0
Show
View Real Time Build Order
Export as new Build Order

Comments (0)

There are no comments. Be the first!

Create an account to comment!